cohdb
Replays
Latest Replays
All Replays
Popular Replays
Top Player Replays
Match Explorer
How It Works
Community
CoH3 Stats
Reddit
Sign in to upload your games and track your stats! →
Sign in with Steam
Match 45734941
Unlisted
Match 45734941
Overview
Messages
Build Orders
End
Construct Weapon Support Center
Selects Heavy Weapons
Engineer Squad
M1919 Machine Gun Team
Bazooka Squad
M1919 Machine Gun Team
Infantry Support Center
M3 Armored Personnel Carrier
M3 Armored Personnel Carrier
Selects M2HB .50cal Heavy Machine Gun
Selects M2HB .50cal Heavy Machine Gun
Advanced Logistics
Selects Assault Carriers
Construct Motor Pool
Selects Exchangeable Parts
Engineer Squad
M24 Chaffee Light Tank
Captain Retinue
M24 Chaffee Light Tank
M1919 Machine Gun Team
M24 Chaffee Light Tank
Mortar Pit
M24 Chaffee Light Tank
M3 Assault Carrier
M24 Chaffee Light Tank
M1 Anti-tank Gun Team
M1919 Machine Gun Team
Captain Retinue
Engineer Squad
M3 Assault Carrier
Selects M26 Pershing Heavy Tank
M26 Pershing Heavy Tank
M1 Anti-tank Gun Team
Selects Gallant Stand
M24 Chaffee Light Tank
M24 Chaffee Light Tank
Selects Gallant Stand
.30 cal Machine Gun
Selects Black Dragon Artillery Barrage
Black Dragon Artillery Barrage
M1919 Machine Gun Team
Engineer Squad
M3 Assault Carrier
M26 Pershing Heavy Tank
Gallant Stand
Black Dragon Artillery Barrage
M1 Anti-tank Gun Team
Engineer Squad
M24 Chaffee Light Tank
M24 Chaffee Light Tank
Engineer Squad
米狄奥
YouZAE
WanderGamer班
BOOM YOU
UMP-40
Gradrek
vincent
Rango
0
0
Comments
sign in to comment!
No comments posted yet!